 Dungeon Crawl Stone Soup version 0.21.1-1-g345015fe64 (webtiles) character file.

222 Mrkan the Covert (level 5, -4/25 HPs)
             Began as a Spriggan Assassin on May 8, 2018.
             Slain by an ice beast (13 damage)
             ... on level 3 of the Dungeon.
             The game lasted 00:03:52 (2152 turns).

Mrkan the Covert (Spriggan Assassin)                Turns: 2152, Time: 00:03:53

Health: -4/25      AC:  3    Str:  7    XL:     5   Next: 66%
Magic:  6/6        EV: 21    Int: 13    God:
Gold:   73         SH:  0    Dex: 18    Spells: 4/4 levels left

rFire    . . .     SeeInvis +   a - +2 dagger
rCold    . . .     Gourm    .   (shield restricted)
rNeg     . . .     Faith    .   c - +0 robe
rPois    .         Spirit   .   (helmet restricted)
rElec    .         Reflect  .   d - +0 cloak
rCorr    .         Harm     .   (gloves unavailable)
MR       .....                  (boots unavailable)
Stlth    ++++......             (no amulet)
HPRegen  0.08/turn              (no ring)
MPRegen  0.10/turn              (no ring)

@: very quick
A: very small, unfitting armour, see invisible, herbivore, speed 3, slow
metabolism 2
a: no special abilities


You were on level 3 of the Dungeon.
You were not hungry.

You visited 1 branch of the dungeon, and saw 3 of its levels.

You collected 73 gold pieces.

Inventory:

Hand Weapons
 a - a +2 dagger (weapon)
 b - a +0 blowgun
Missiles
 e - 22 poisoned needles
 f - 2 curare-tipped needles
Armour
 c - a +0 robe (worn)
 d - a +0 cloak (worn)
Jewellery
 h - an uncursed ring of ice {unknown}
Scrolls
 j - 4 scrolls of remove curse {unknown}
 k - 3 scrolls of blinking {unknown}
 n - a scroll of identify {unknown}
 o - a scroll of teleportation {unknown}
 q - a scroll of immolation {unknown}
Potions
 i - a potion of lignification {unknown}
 l - a potion of haste {unknown}
 m - 3 potions of curing {unknown}
 p - a potion of degeneration {unknown}
Comestibles
 g - 3 rations


   Skills:
 - Level 1.5 Fighting
 + Level 3.5 Short Blades
 - Level 2.0 Throwing
 * Level 5.2 Dodging
 * Level 8.1 Stealth


You had 4 spell levels left.
You didn't know any spells.

Dungeon Overview and Level Annotations

Branches:
Dungeon (3/15)

Altars:
Xom


Innate Abilities, Weirdness & Mutations

You are very small and have problems with some larger weapons.
You are too small for most types of armour.
You have supernaturally acute eyesight. (SInv)
You are a herbivore.
You cover ground extremely quickly.
You need consume almost no food.


Message History

You start resting.
A rat comes into view.
Found 15 arrows.
You hit the rat but do no damage. The rat bites you.
You hit the rat.
You kill the rat!
You see here a rat corpse.
An ice beast is nearby!
An ice beast is nearby!
A goblin comes into view. It is wielding a club.
The helpless goblin fails to defend itself.
You perforate the goblin like a sieve!!!
You kill the goblin!
You see here a club.
The ice beast completely misses you. The ice beast completely misses you.
You hit the ice beast but do no damage. The ice beast hits you.
The ice beast freezes you!
Ouch! That really hurt!
You die...

###############
#.@............
#Y####.###.####
#)# #.# #.# #.#
#.# #.### #.#
##... . #.#
#..## ## ..
#.###.##. .##.
# #...†.#(.
...###.


You could see an ice beast.

Vanquished Creatures
  Sigmund (D:2)
  An adder (D:2)
  2 oozes (D:2)
  A worm (D:2)
  2 leopard geckos (D:3)
  2 ball pythons (D:2)
  5 bats (D:2)
  2 giant cockroaches (D:2)
  5 goblins
  4 hobgoblins
  4 jackals (D:2)
  A quokka (D:2)
  A frilled lizard (D:2)
  3 kobolds
  4 rats
38 creatures vanquished.

Notes
Turn   | Place    | Note
-------+----------+-------------------------------------------
     0 | D:1      | Mrkan the Spriggan Assassin began the quest for the Orb.
     0 | D:1      | Reached XP level 1. HP: 10/10 MP: 2/2
    82 | D:1      | You fall through a shaft!
   108 | D:2      | Reached skill level 6 in Stealth
   121 | D:2      | Reached XP level 2. HP: 13/14 MP: 3/3
   810 | D:2      | Reached XP level 3. HP: 15/18 MP: 4/4
  1446 | D:2      | Noticed Sigmund
  1451 | D:2      | Killed Sigmund
  1451 | D:2      | Reached skill level 5 in Dodging
  1451 | D:2      | Reached skill level 8 in Stealth
  1451 | D:2      | Reached XP level 4. HP: 22/22 MP: 5/5
  1451 | D:2      | Reached XP level 5. HP: 25/25 MP: 6/6
  1509 | D:2      | Found a shimmering altar of Xom.
  2050 | D:3      | Noticed an ice beast
  2152 | D:3      | Slain by an ice beast

Skill      XL: |  1  2  3 |
---------------+----------+-----
Dodging        | 2 3 5 |  5.2
Stealth        | 6 8 |  8.1
Short Blades   | 3 |  3.5
Fighting       | |  1.5
Throwing       | |  2.0

Action                   |  1- 3 |  4- 6 || total
-------------------------+-------+-------++-------
Melee: Dagger            |   103 |    40 ||   143
 Stab: Distracted        |     1 |       ||     1
       Sleeping          |     5 |     6 ||    11
Armor: Robe              |    22 |     2 ||    24
Dodge: Dodged            |    88 |    37 ||   125
